 BcadrenCrawl: Boulder Brew version 0.04.2-10-g17648f679b (webtiles) character file.

Game seed: 9983799468839662085, levelgen mode: deterministic

1421 gruber the Agnostic (level 8, -2/60 HPs) Gnoll Demonspawn. Began on May 2, 2021. Slain by a guardian mummy ... wielding a +0 rapier (23 damage) ... on level 2 of the Dungeon. The game lasted 00:05:52 (2566 turns).

gruber the Agnostic (Gnoll Demonspawn)              Turns: 2566, Time: 00:05:53

Health: -2/60      AC:  6    Str: 18    XL:     8 ^: 323
Magic:  14/14      EV: 22    Int: 15    God:
Gold:   130        SH:  0    Dex: 20    Spells: 14/15 levels left

rFire    . . .     Vision   .   r - +0 hand crossbow
rCold    . . .     Gourm    .     - Unarmed
rNeg     . . .     Faith    .   b - +0 leather armour
rPois    .         Spirit   .   (no helmet)
rElec    .         Reflect  .   u - +0 cloak
rCorr    .         Harm     .   (no gloves)
MR       .....                  (no boots)
Stlth    ++++......             (no amulet)
HPRegen  0.30/turn              (no ring)
MPRegen  0.24/turn              (no ring)

@: agile
A: distributed training, fangs 1, hooves 1, slimy green scales 1, powered by
pain 2, strong nose
a: no special abilities


You were on level 2 of the Dungeon.
You were hungry.

You visited 1 branch of the dungeon, and saw 3 of its levels.

You collected 130 gold pieces.

Inventory:

Weapons
 a - a +0 flail
 r - a +0 hand crossbow (weapon) Shields
 j - a +0 heater shield of cold resistance
Armour
 b - a +0 leather armour (worn)
 u - a +0 cloak (worn)
Jewellery
 g - an uncursed amulet of reflection
 s - a cursed ring of intelligence {(Curse: *Corrode -Vis)}
Wands
 p - a wand of flame (22)
Scrolls
 f - a scroll of fear
 h - a scroll of amnesia
 n - a scroll of fog
 q - a scroll of blinking
Potions
 c - a potion of heal wounds
 e - a potion of haste
 i - a potion of curing
 k - a potion of might
 l - a potion of ambrosia
 m - a potion of brilliance
 o - a potion of magic
Comestibles
 d - 4 rations


   Skills:
 + Level 4.1 Fighting
 + Level 3.2 Short Blades
 + Level 3.2 Long Blades
 + Level 3.2 Axes & Hammers
 + Level 5.6 Whips & Flails
 + Level 3.2 Polearms
 + Level 3.2 Maces & Staves
 + Level 3.2 Slings
 + Level 3.2 Bows
 + Level 3.2 Crossbows
   Level 0.0 Throwing
 + Level 3.2 Armour
 + Level 7.3 Dodging
 + Level 5.3 Stealth
 + Level 3.2 Shields
 + Level 3.2 Unarmed Combat
 + Level 4.3 Spellcasting
 + Level 2.6 Hexes
 + Level 2.6 Charms
 + Level 2.6 Summonings
 + Level 2.6 Necromancy
 + Level 2.6 Translocations
 + Level 2.6 Transmutations
 + Level 4.6 Fire Magic
 + Level 2.6 Ice Magic
 + Level 2.6 Air Magic
 + Level 2.6 Earth Magic
 + Level 2.6 Poison Magic
 + Level 8.4 Invocations
 + Level 3.2 Evocations


You had 14 spell levels left.
You knew the following spells:

 Your Spells              Type           Power        Failure   Level  Hunger
a - Flame Tongue          Fire           17 (30)      2%          1    None

Your spell library contained the following spells:

 Spells                   Type           Power        Failure   Level  Hunger
 Conjure Flame            Fire           17 (100)     9%          3    ###....
 Blink                    Tloc           N/A          10%         2    ##.....
 Call Imp                 Summ           11 (100)     10%         2    ##.....
 Slow                     Hex            11 (100)     10%         2    ##.....
 Mephitic Cloud           Pois/Air       11 (100)     19%         3    ###....


Dungeon Overview and Level Annotations

Branches:
Dungeon (3/8)

Altars:
Xom

Annotations:
D:2 Prince Ribbit


Innate Abilities, Weirdness & Mutations

Your experience applies equally to all skills.
You have very sharp teeth.
You have large cloven feet.
You are partially covered in slimy green scales. (AC +2)
You sometimes gain power by taking damage.
Your uncanny sense of smell can sniff out nearby items.


Message History

Unknown command.
Aiming:
r - a +0 hand crossbow, Range: 1 (25%)
Press: ? - help, Shift-Dir - straight line, f/p - guardian mummy
Aim: a guardian mummy, wielding a +0 rapier (severely damaged (13/48))
You shoot a bolt.
The bolt pierces through the guardian mummy (5).
The guardian mummy is almost destroyed. (8/48) HP The guardian mummy hits you with a +0 rapier (11)!
You focus on the pain.
You feel agile all of a sudden.
Unknown command.
Unknown command.
Aiming:
r - a +0 hand crossbow, Range: 1 (25%)
Press: ? - help, Shift-Dir - straight line, f/p - guardian mummy
Aim: a guardian mummy, wielding a +0 rapier (almost destroyed (8/48))
You shoot a bolt.
The bolt stabs through the guardian mummy (1).
The guardian mummy is almost destroyed. (7/48) HP The guardian mummy hits you with a +0 rapier (23)!!
You die...

..≈≈.≈≈####.≈≈≈≈≈###.........≈≈#
≈.#.#..####.≈≈≈≈≈##...........##
#####..##...≈≈≈≈≈≈#..........##
##..#≈..≈≈≈≈≈##......######
#≈.###...≈≈≈≈#........≈...## #
##.≈# #≈≈≈≈≈≈≈#≈...........≈##
####.≈##
##≈≈≈≈≈≈##.≈#≈........#≈ ≈.##.≈#
#≈≈≈≈≈≈#####≈.......... ..#≈≈##
#≈≈≈≈.@# ##≈......... .##..#
#≈≈≈.≈M# ##≈≈.>.^... ##≈≈##
#≈≈≈≈≈≈# ###..#.... #≈..#
#≈≈≈≈≈≈# ######...≈ ..###
#≈≈≈≈≈.# ##≈.P.#...# #≈.#
#≈≈≈≈..## ##.≈P.P##### ..###
#.≈≈..≈≈# #P≈###PP##.. ≈.#≈##
#....≈.## #..##..###.. ≈...≈###
#.≈≈...# ##≈.##.≈##..


You could see a guardian mummy.

Vanquished Creatures
  A guardian mummy (D:3)
  A crocodile (D:2)
  4 big kobolds (D:2)
  5 bullfrogs (D:2)
  4 jellies (D:2)
  7 giant cockroaches
  29 sewer rats (D:2)
  2 worms (D:2)
  9 cinder newts
  2 oozes
  A dart slug (D:1)
  4 leopard geckos
  An orc (D:3)
  An adder skeleton (D:2)
  6 ball pythons
  9 bats
  2 cinder newt skeletons (D:2)
  4 goblins (D:1)
  3 hobgoblins (D:1)
  21 kobolds
  A bat skeleton (D:2)
  A kobold skeleton (D:2)
  A quokka skeleton (D:3)
  A rat (D:2)
  A rat skeleton (D:2)
121 creatures vanquished.

Vanquished Creatures (others)
  A sewer rat (D:2)
  A ball python (D:2)
  A giant blowfly (D:2)
  4 slimeheads (D:2)
  127 withered plants (D:2)
134 creatures vanquished.

Grand Total: 255 creatures vanquished

Notes
Turn   | Place    | Note
-------+----------+-------------------------------------------
     0 | D:1      | gruber the Gnoll Demonspawn began the quest for the Orb.
     0 | D:1      | Reached XP level 1. HP: 17/17 MP: 4/4
    51 | D:1      | Gained mutation: You are partially covered in slimy green
                  | scales. (AC +2) [demonic ancestry]
    51 | D:1      | Reached XP level 2. HP: 23/23 MP: 6/6
   218 | D:1      | Gained mutation: You sometimes gain a little power by
                  | taking damage. [demonic ancestry]
   218 | D:1      | Reached XP level 3. HP: 28/28 MP: 7/7
   393 | D:1      | Gained mutation: You have large cloven feet. [demonic
                  | ancestry]
   393 | D:1      | Reached XP level 4. HP: 34/34 MP: 9/9
   625 | D:1      | Reached skill level 1 in Short Blades
   625 | D:1      | Reached skill level 1 in Long Blades
   625 | D:1      | Reached skill level 1 in Axes & Hammers
   625 | D:1      | Reached skill level 1 in Polearms
   625 | D:1      | Reached skill level 1 in Maces & Staves
   625 | D:1      | Reached skill level 1 in Slings
   625 | D:1      | Reached skill level 1 in Bows
   625 | D:1      | Reached skill level 1 in Crossbows
   625 | D:1      | Reached skill level 1 in Armour
   625 | D:1      | Reached skill level 1 in Shields
   625 | D:1      | Reached skill level 1 in Unarmed Combat
   625 | D:1      | Reached skill level 1 in Evocations
   820 | D:2      | Noticed a big kobold
   842 | D:2      | Killed a big kobold
   842 | D:2      | Reached skill level 1 in Hexes
   842 | D:2      | Reached skill level 1 in Charms
   842 | D:2      | Reached skill level 1 in Summonings
   842 | D:2      | Reached skill level 1 in Necromancy
   842 | D:2      | Reached skill level 1 in Translocations
   842 | D:2      | Reached skill level 1 in Transmutations
   842 | D:2      | Reached skill level 1 in Ice Magic
   842 | D:2      | Reached skill level 1 in Air Magic
   842 | D:2      | Reached skill level 1 in Earth Magic
   842 | D:2      | Reached skill level 1 in Poison Magic
   842 | D:2      | Reached skill level 7 in Invocations
   842 | D:2      | Reached XP level 5. HP: 30/40 MP: 10/10
  1034 | D:2      | Reached XP level 6. HP: 42/47 MP: 11/11
  1112 | D:2      | Found a shimmering altar of Xom.
  1214 | D:2      | Reached skill level 5 in Whips & Flails
  1226 | D:2      | Reached XP level 7. HP: 31/52 MP: 12/12
  1516 | D:2      | HP: 2/52 [bullfrog (6)]
  1535 | D:2      | HP: 2/52 [acid (4)]
  1665 | D:2      | Gained mutation: You sometimes gain power by taking damage.
                  | [demonic ancestry]
  1665 | D:2      | Reached XP level 8. HP: 13/60 MP: 13/13
  1713 | D:2      | Reached skill level 5 in Stealth
  1828 | D:2      | Noticed Prince Ribbit
  1922 | D:2      | Reached skill level 8 in Invocations
  2457 | D:3      | Connectivity tunneler affected ossuary_minmay_chase.
  2457 | D:3      | Connectivity tunneler affected ossuary_minmay_chase.
  2566 | D:2      | Slain by a guardian mummy

Levels and vault maps discovered:
D:1:      psy_arrival_radial02, layout_basic, first_ration
D:2:      layout_sewer, nicolae_overflow_crystal_walls, sewer_frog_pond
D:3:      ossuary_minmay_chase, layout_rooms

Skill      XL: |  1  2  3  4  5  6  7  8 |
---------------+-------------------------+-----
Short Blades   | 1 2 3 |  3.2
Long Blades    | 1 2 3 |  3.2
Axes & Hammers | 1 2 3 |  3.2
Polearms       | 1 2 3 |  3.2
Maces & Staves | 1 2 3 |  3.2
Slings         | 1 2 3 |  3.2
Bows           | 1 2 3 |  3.2
Crossbows      | 1 2 3 |  3.2
Armour         | 1 2 3 |  3.2
Shields        | 1 2 3 |  3.2
Unarmed Combat | 1 2 3 |  3.2
Evocations     | 1 2 3 |  3.2
Spellcasting   | 3 4 |  4.3
Hexes          | 1 2 |  2.6
Charms         | 1 2 |  2.6
Summonings     | 1 2 |  2.6
Necromancy     | 1 2 |  2.6
Translocations | 1 2 |  2.6
Transmutations | 1 2 |  2.6
Ice Magic      | 1 2 |  2.6
Air Magic      | 1 2 |  2.6
Earth Magic    | 1 2 |  2.6
Poison Magic   | 1 2 |  2.6
Invocations    | 7 8 |  8.4
Fighting       | 3 4 |  4.1
Fire Magic     | 4 |  4.6
Whips & Flails | 5 |  5.6
Dodging        | 7 |  7.3
Stealth        | 5 |  5.3

Action                   |  1- 3 |  4- 6 |  7- 9 || total
-------------------------+-------+-------+-------++-------
Melee: Flail             |    25 |    74 |    64 ||   163
       Unarmed           |     9 |    43 |    86 ||   138
       Bite              |     2 |     6 |     9 ||    17
       Kick              |       |    19 |    25 ||    44
 Fire: Hand crossbow     |       |       |    58 ||    58
 Stab: Sleeping          |     6 |     4 |     1 ||    11
  Eat: Chunk             |       |     1 |     5 ||     6
Armor: Leather armour    |     5 |    22 |    23 ||    50
Dodge: Dodged            |    15 |   147 |   126 ||   288
